Match 42638666
Unlisted

Match 42638666
End
Construct Section Command Post
Selects Indian Artillery Battlegroup
Infantry Section
Infantry Section
Infantry Section
Infantry Section
Construct Field Infirmary
Selects Artillery Saturation
Grenade Package
Construct Platoon Command Post
Humber Armored Car
Selects Off-map Airburst Barrage
Off-map Airburst Barrage
Construct Company Command Post
Selects Perimeter Monitor
Off-map Airburst Barrage
Foot Guards Section
Infantry Training
ML 3-inch Mortar Team
Selects Valour
Off-map Airburst Barrage
Unlock Towed 17-pounder Anti-tank Guns
17-pounder Anti-tank Gun Team
Royal Engineer Section
Matilda II Heavy Tank
Off-map Airburst Barrage
Selects Gurkha Rifles Section
Selects Pillage
Matilda II Heavy Tank
Exf
Gravey
吊锤石乐志
Knightz
쿠쿠섬치킨
GGing_GGang
darkori
차니
0
0

Comments sign in to comment!

No comments posted yet!